 Dungeon Crawl Stone Soup version 0.27-a0-417-g317cea8a3c (webtiles) character file.

Game seed: 4989592040628510613

200 dickylongcocking the Insei (level 5, 0/49 HPs)
             Began as an Octopode Transmuter on Feb 25, 2021.
             Slain by a worker ant (4 damage)
             ... on level 4 of the Dungeon.
             The game lasted 00:02:03 (4969 turns).

dickylongcocking the Insei (Octopode Transmuter)    Turns: 4969, Time: 00:02:04

Health: 0/49       AC:  1    Str:  9    XL:     5   Next: 78%
Magic:  8/8        EV: 17    Int: 17    God:
Gold:   191        SH:  0    Dex: 12    Spells: 7/8 levels left

rFire    . . .     SeeInvis .     - Unarmed
rCold    . . .     Faith    .   (no shield)
rNeg     . . .     Spirit   .   (helmet restricted)
rPois    +         Reflect  .   (no amulet)
rElec    .         Harm     .   b - ring of poison resistance
rCorr    .         Rampage  .   l - +4 ring of evasion
Will     +....                  p - ring of willpower
Stlth    ..........             (no ring)
HPRegen  0.16/turn              (no ring)
MPRegen  0.11/turn              (no ring)
                                (no ring)
                                (no ring)

@: mighty, berserking, lethally poisoned (0 -> -2), very quick
A: almost no armour, stealthy swim, amphibious, 8 rings, constrict 8, camouflage
1, gelatinous body 1
a: no special abilities


You were on level 4 of the Dungeon.
You visited 1 branch of the dungeon, and saw 4 of its levels.

You collected 191 gold pieces.

Inventory:

Jewellery
 b - a ring of poison resistance (left tentacle)
 l - a +4 ring of evasion (right tentacle)
 p - a ring of willpower (on tentacle)
Scrolls
 a - 3 scrolls of enchant weapon {unknown}
 d - a scroll of fog {unknown}
 e - 6 scrolls of identify {unknown}
 g - 2 scrolls of amnesia {unknown}
 h - 2 scrolls of blinking {unknown}
 m - a scroll of random uselessness {unknown}
 s - a scroll of teleportation {unknown}
Potions
 c - a potion of lignification {unknown}
 i - 2 potions of haste {unknown}
 j - a potion of might
 n - a potion of degeneration {unknown}
 o - a potion of heal wounds {unknown}
 q - a potion of flight {unknown}
 r - a potion of brilliance {unknown}


   Skills:
 - Level 1.0 Fighting
 - Level 2.0 Dodging
 + Level 4.0 Stealth
 * Level 5.5 Unarmed Combat
 - Level 2.0 Spellcasting
 - Level 2.0 Transmutations


You had 7 spell levels left.
You knew the following spells:

 Your Spells              Type           Power        Failure   Level
a - Beastly Appendage     Tmut           16%          9%          1

Your spell library contained the following spells:

 Spells                   Type           Power        Failure   Level
 Wereblood                Tmut           8%           13%         2
 Animate Skeleton         Necr           2%           19%         1
 Apportation              Tloc           2%           19%         1
 Corona                   Hex            1%           19%         1
 Summon Small Mammal      Summ           4%           19%         1
 Spider Form              Tmut/Pois      2%           36%         3
 Ice Form                 Ice/Tmut       5%           77%         4
 Blade Hands              Tmut           4%           93%         5


Dungeon Overview and Level Annotations

Branches:
Dungeon (4/15)
 Temple: D:4-7

Altars:
Ru
Sif Muna
Wu Jian
The Shining One


Innate Abilities, Weirdness & Mutations

You cannot wear most types of armour.
You are very stealthy in the water. (Stealth+)
You are amphibious.
You can wear up to eight rings at the same time.
You can use your tentacles to constrict eight enemies at once.
Your skin changes colour to match your surroundings (Stealth+).
Your rubbery body absorbs attacks. (AC +1, EV +1)


Message History

The leopard gecko misses you.
You closely miss the worker ant. You grab the worker ant.
You constrict the worker ant. The worker ant bites you.
You are poisoned.
The worker ant poisons you! The leopard gecko misses you.
The worker ant bites you.
You tentacle-slap the worker ant.
The worker ant is lightly wounded.
You constrict the worker ant.
You feel sick. The leopard gecko bites you.
* * * LOW HITPOINT WARNING * * *
The worker ant closely misses you. The leopard gecko closely misses you.
You are too injured to fight recklessly!
You tentacle-slap the worker ant but do no damage.
You squeeze the worker ant, but do no damage.
The worker ant is moderately wounded.
You constrict the worker ant, but do no damage.
You feel sick. The worker ant barely misses you.
The leopard gecko closely misses you.
Unknown command.
You release your grip on the worker ant.
The worker ant waves its antennae.
Okay, then.
You feel sick.
It was a potion of might.
You feel very mighty all of a sudden. The worker ant misses you.
The worker ant closely misses you.
It was a potion of magic.
Magic courses through your body.
The worker ant bites you but does no damage.
It was a potion of berserk rage.
A red film seems to cover your vision as you go berserk!
You feel yourself moving faster!
You feel mighty!
You feel sick. The worker ant bites you!
* * * LOW HITPOINT WARNING * * *
Unknown command.
You barely miss the worker ant. You grab the worker ant.
You squeeze the worker ant!
The worker ant is severely wounded.
You constrict the worker ant, but do no damage.
The worker ant bites you.
You die...

#....#..# #.......##
##..8..#..# #._8..
..[## #..8. ....
#...##.# #..†ll+
#....#$##B# ##.. ####@#
#..#....# #......#
#..##..### #+#
#..#.....# #.#
#.....##.# #.#
##.#.###.###.##
#....###.##...#########
#.#...##.#.....##......


You could see an iguana, a worker ant and a leopard gecko.

Vanquished Creatures
  Natasha (thrice) (D:3)
  6 adders
  An ooze (D:1)
  3 worms (D:3)
  2 leopard geckos
  4 bats
  6 giant cockroaches
  6 goblins
  7 hobgoblins
  3 jackals (D:1)
  2 quokkas
  4 frilled lizards
  8 kobolds
  7 rats
62 creatures vanquished.

Notes
Turn   | Place    | Note
-------+----------+-------------------------------------------
     0 | D:1      | dickylongcocking the Octopode Transmuter began the quest
                  | for the Orb.
     0 | D:1      | Reached XP level 1. HP: 13/13 MP: 3/3
   464 | D:1      | Reached XP level 2. HP: 13/18 MP: 5/5
   788 | D:1      | Reached skill level 1 in Stealth
  1522 | D:2      | Reached XP level 3. HP: 21/23 MP: 6/6
  1742 | D:2      | Found a faded altar of an unknown god.
  1806 | D:2      | Found a shimmering blue altar of Sif Muna.
  1831 | D:2      | Reached skill level 4 in Unarmed Combat
  2438 | D:2      | Reached XP level 4. HP: 12/28 MP: 7/7
  3411 | D:3      | Found a glowing golden altar of the Shining One.
  3769 | D:3      | Noticed Natasha
  3775 | D:3      | Killed Natasha
  3776 | D:3      | Reached XP level 5. HP: 22/33 MP: 8/8
  3786 | D:3      | Noticed Natasha
  4090 | D:3      | Killed Natasha
  4091 | D:3      | Reached skill level 5 in Unarmed Combat
  4559 | D:3      | Noticed Natasha
  4569 | D:3      | Killed Natasha
  4693 | D:3      | Found a sacrificial altar of Ru.
  4822 | D:3      | Found an ornate altar of the Wu Jian Council.
  4950 | D:4      | Found an ornate altar of the Wu Jian Council.
  4969 | D:4      | Slain by a worker ant

Illustrated notes

Levels and vault maps discovered:
D:1:      kennysheep_arrival_seaside, layout_basic, chequers_garden,
          grunt_decor_junction
D:2:      layout_loops_corners, lemuel_crystal_altar, serial_rivers,
          chequers_serial_rivers_marsh, chequers_serial_rivers_small_3,
          chequers_serial_rivers_micro_d, chequers_serial_rivers_small_3,
          chequers_serial_rivers_room_a, chequers_ecumenical_altar_grove,
          minmay_3d_cube
D:3:      layout_rooms, lemuel_crystal_altar, lemuel_coloured_pillars_altar,
          nicolae_ru_awakened_eye, gup_sewer_entry_bubbles,
          kennysheep_another_room, kennysheep_generic_room_16, uniq_natasha
D:4:      layout_loops_corners, temple_pool_b, minmay_ruined_shrine

Skill      XL: |  1  2  3  4  5 |
---------------+----------------+-----
Stealth        | 1 2 3 4 |  4.0
Unarmed Combat | 4 5 |  5.5
Fighting       | |  1.0
Dodging        | |  2.0
Spellcasting   | |  2.0
Transmutations | |  2.0

Action                   |  1- 3 |  4- 6 || total
-------------------------+-------+-------++-------
Melee: Unarmed           |    98 |    88 ||   186
       Constrict         |    24 |    24 ||    48
       Tentacles         |    14 |    17 ||    31
       Punch             |     1 |     1 ||     2
  Use: Potion            |       |     3 ||     3
 Stab: Sleeping          |     2 |    11 ||    13
Armor: Skin              |    11 |     1 ||    12
Dodge: Dodged            |    68 |    51 ||   119

Table legend: (Time is in decaauts)
 A = Elapsed time spent in this place.
 B = Non-inter-level travel time spent in this place.
 C = Inter-level travel time spent in this place.
 D = Time resting spent in this place.
 E = Time spent auto-exploring this place.
 F = Levels seen in this place.
 G = Mean time per level.
                   A        B        C        D        E       F      G
               +--------+--------+--------+--------+--------+-----+--------+
         Total |   4954 |   4872 |     82 |    725 |   3660 |   4 | 1238.5 |
       Dungeon |   4954 |   4872 |     82 |    725 |   3660 |   4 | 1238.5 |
               +--------+--------+--------+--------+--------+-----+--------+

Top non-repeatable levels by time:
     D:1: 1921 daAuts
     D:2: 1750 daAuts
     D:3: 1231 daAuts
     D:4: 50 daAuts
